 Dungeon Crawl Stone Soup version 0.31.0-32-g396128a36d (webtiles) character file.

Game seed: 9939375012502906246

190035 Dungobob the Executioner (level 17, -11/165 HPs)
             Began as a Minotaur Fighter on Mar 22, 2024.
             Was a High Priest of Trog.
             Killed by the air
             ... invoked by a wind drake
              (16 damage)
             ... on level 4 of the Shoals.
             The game lasted 01:49:32 (28650 turns).

Dungobob the Executioner (Minotaur Fighter)        Turns: 28650, Time: 01:49:32

Health: -11/165    AC: 23    Str: 34    XL:     17   Next: 96%
Magic:  8/8        EV: 13    Int: 12    God:    Trog [*****.]
Gold:   1165       SH:  0    Dex: 16    Spells: 16/16 levels left

rFire   + . .        R - +9 broad axe (antimagic)
rCold   + + .        W - +1 kite shield {reflect}
rNeg    + + .        H - +0 chain mail "Sujoph" {rPois}
rPois   +            (helmet restricted)
rElec   +            i - scarf "Dyrijus" {repulsion, rElec}
rCorr   +            v - +2 pair of gloves {Str+3}
SInv    +            U - +0 pair of boots of Uluxogeo {rF+ rC+ Dex+2 Slay+2}
Will    +....        I - amulet of regeneration Stlth
                     N - ring "Vosenul" {^Contam rPois rN++ MP+9 Dex+4}
HPRegen 1.27/turn    g - ring of Divine Intervention {rC+ rCorr AC+4 Str+4 Int+3}
MPRegen 0.11/turn

%: repel missiles, reflection
@: confused, ambrosia-drunk, on berserk cooldown, studying Maces & Flails
A: horns 2, retaliatory headbutt, talons 1, see invisible, clever 1
a: Renounce Religion, Berserk, Trog's Hand, Brothers in Arms


You were on level 4 of the Shoals.
You worshipped Trog.
Trog was extremely pleased with you.
You visited 5 branches of the dungeon, and saw 27 of its levels.
You visited the Abyss 1 time.
You also visited: Gauntlet.

You collected 2670 gold pieces.
You spent 1505 gold pieces at shops.

Inventory:

Hand Weapons
 A - the +10 dire flail "Jerot" {flame, rF+}
   (Trog gifted it to you on level 2 of the Orcish Mines)

   rF+:       It protects you from fire.
 D - the +9 flail of Symmetry {antimagic, Int+3}
   (You took it off a minotaur in a Gauntlet)

   Int+3:     It affects your intelligence (+3).
 F - a +8 broad axe
 J - a +4 eveningstar of protection
 R - a +9 antimagic broad axe (weapon)
Missiles
 j - 4 throwing nets (quivered)
Armour
 i - the scarf "Dyrijus" (worn) {repulsion, rElec}
   (You bought it in a shop on level 2 of the Orcish Mines)

   rElec:     It insulates you from electricity.
 v - a +2 pair of gloves of strength (worn)
 C - a +8 chain mail of ponderousness
 H - the +0 chain mail "Sujoph" (worn) {rPois}
   (You found it on level 9 of the Dungeon)

   rPois:     It protects you from poison
 U - the +0 pair of boots of Uluxogeo (worn) {rF+ rC+ Dex+2 Slay+2}
   (You found it on level 13 of the Dungeon)

   Dex+2:     It affects your dexterity (+2).
   Slay+2:    It affects your accuracy & damage with ranged weapons and melee
   (+2).
   rF+:       It protects you from fire.
   rC+:       It protects you from cold.
 W - a +1 kite shield of reflection (worn)
Jewellery
 b - a ring of flight
 g - the ring of Divine Intervention (right hand) {rC+ rCorr AC+4 Str+4 Int+3}
   (You found it on level 5 of the Lair of Beasts)

   [ring of protection]

   AC+4:      It affects your AC (+4).
   Str+4:     It affects your strength (+4).
   Int+3:     It affects your intelligence (+3).
   rC+:       It protects you from cold.
   rCorr:     It protects you from acid and corrosion.
 n - a ring of protection from fire
 x - a ring of protection from cold
 I - an amulet of regeneration (around neck)
 K - a +4 ring of slaying
 N - the ring "Vosenul" (left hand) {^Contam rPois rN++ MP+9 Dex+4}
   (You found it on level 13 of the Dungeon)

   [ring of magical power]

   Dex+4:     It affects your dexterity (+4).
   rPois:     It protects you from poison rN++: It greatly protects you from
   negative energy.
   MP+9:      It affects your magic capacity (+9).
   ^Contam:   It causes magical contamination when unequipped.
Wands
 q - a wand of flame (64)
 s - a wand of mindburst (7)
 y - a wand of light (2)
 G - a wand of polymorph (17)
 Q - a wand of roots (29)
 S - a wand of paralysis (3)
Scrolls
 a - 4 scrolls of fog
 c - 2 scrolls of vulnerability
 k - 3 scrolls of poison
 m - 2 scrolls of blinking
 r - 11 scrolls of teleportation
 t - 2 scrolls of butterflies
 L - 2 scrolls of immolation
 M - 2 scrolls of silence
 T - 4 scrolls of revelation
Potions
 d - 10 potions of curing
 e - 3 potions of haste
 h - 10 potions of ambrosia
 l - 2 potions of magic
 o - 2 potions of might
 p - 3 potions of mutation
 w - 2 potions of brilliance
 z - 4 potions of berserk rage
 B - 2 potions of attraction
 E - 4 potions of lignification
 O - a potion of invisibility
 P - 3 potions of enlightenment
 V - a potion of cancellation
Miscellaneous
 u - a phantom mirror


   Skills:
 + Level 18.3 Fighting
 + Level 22.0(23.4) Axes
 + Level 14.1(19.7) Maces & Flails
 + Level 16.1 Armour
 + Level 7.5 Dodging
 + Level 19.0 Shields


You had 16 spell levels left.
You didn't know any spells.
Your spell library contained the following spells:

 Spells                   Type           Power      Damage    Failure   Level
 Scorch                   Fire           0%         2d5       82%         2
 Sublimation of Blood     Necr           0%         N/A       82%         2
 Animate Armour           Summ/Erth      0%         N/A       100%        4
 Flame Wave               Conj/Fire      0%         2d4       100%        4
 Petrify                  Alch/Erth      0%         N/A       100%        4
 Summon Lightning Spire   Summ/Air       0%         N/A       100%        4
 Irradiate                Conj/Alch      0%         3d11      100%        5
 Lee's Rapid Deconstruct  Erth           0%         3d4*      100%        5
 Summon Cactus Giant      Summ           0%         N/A       100%        6


Dungeon Overview and Level Annotations

Branches:
Dungeon (14/15)            Temple (0/1) D:7            Lair (5/5) D:11
 Shoals (4/4) Lair:3       Spider (2/4) Lair:3        Slime (0/5) Lair:5
    Orc (2/2) D:12            Elf (0/3) Orc:2        Vaults (0/5) D:13
Gauntlet (visited)

Altars:
Ashenzari
Cheibriados
Dithmenos
Fedhas
Hepliaklqana
Kikubaaqudgha
Makhleb
Nemelex Xobeh
Qazlal
Ru
Trog
Uskayaw
Vehumet
Xom
Yredelemnul
Zin
Jiyva

Shops:
D:2 [   D:3 *??   D:9 :   D:13 *[*!(   Orc:2 [[[*   Shoals:4 :

Annotations:
Spider:1 2 transporters, exclusion: orange crystal statue


Innate Abilities, Weirdness & Mutations

You have a pair of horns on your head.
You reflexively headbutt those who attack you in melee.
You have sharp toenails.
You have supernaturally acute eyesight. (SInv)
Your mind is acute. (Int +4, Str/Dex -1)


Message History

The rime drake partially resists.
You kill the rime drake!
Trog accepts your kill.
Found a staff of death.
You feel better.
Unknown command.
You are confused.
You feel invigorated.
You feel less invigorated.
You feel yourself speed up.
You feel less confused.
Your ogre hits the wind drake with a +0 giant club!
The wind drake flaps its wings at you. The air twists around and strikes you!!
* * * LOW HITPOINT WARNING * * *
The wind drake flaps its wings at you. The air twists around and strikes you!
* * * LOW HITPOINT WARNING * * *
Your ogre barely misses the wind drake.
The wind drake exhales a fierce blast of wind!
You are knocked back by the gust of wind.
Splash!
The wind drake flaps its wings at you. The air twists around and strikes you!
* * * LOW HITPOINT WARNING * * *
Unknown command.
Okay, then.
Blink to where?
Press: ? - help, Dir - move target
Okay, then.
Okay, then.
You are confused.
You feel invigorated.
Your ogre hits the wind drake with a +0 giant club!!!
The wind drake exhales a fierce blast of wind!
You are knocked back by the gust of wind.
You slam into the rock wall!
* * * LOW HITPOINT WARNING * * *
The wind drake flaps its wings at you. The air twists around and strikes you!
You die...

~.....)....†......P....
.....).<................
........................
)..#...................
~..#.......)Ok.......~.
~~.....##...k.......###
~~~~.........~~~~....~#.
~~~~......~~~~~~......~~
~~~~~~.~~~~~~~~~@.....~~
~~~~~~~~~~~~~~~~#....|..
~~~~~~~~~~~~~~~≈........
~~≈≈≈≈≈≈≈≈~~~~≈≈##......
≈≈≈≈≈≈ ≈≈≈~~~≈≈≈≈ ..#...
≈≈≈≈≈≈≈≈≈≈ ..# #.
≈≈≈≈≈≈≈≈≈≈≈ P. ≈≈≈≈≈≈≈
≈≈≈


You could see 2 wind drakes and a friendly ogre (summoned, berserk).

Vanquished Creatures
  Mara (Shoals:2)
  Bai Suzhen (Shoals:3)
  Nikola (Shoals:2)
  Arachne (Spider:2)
  Mlioglotl (Shoals:3)
  4 liches (D:13)
  A kraken (Shoals:1)
  Polyphemus (Shoals:2)
  Kirke (D:12)
  Ilsuiw (Shoals:2)
  A frost giant (Shoals:2)
  Louise (D:14)
  A ghost moth (Spider:1)
  The ghost of Pumpkin69 the Spear-Bearer, a journeyman OpFi of Dithmenos (Orc:2)
  An orc warlord (Orc:2)
  The ghost of spaghetti the Fighter, a journeyman NaBe of Trog (D:13)
  A broodmother (Spider:2)
  A spark wasp (Spider:1)
  A minotaur (Gauntlet)
  Snorg (Lair:5)
  3 merfolk javelineers
  2 entropy weavers
  5 merfolk impalers
  Josephine (Orc:2)
  A green death (Gauntlet)
  A fire dragon (D:13)
  3 catoblepae
  5 hydras
  A jorogumo (Spider:1)
  Erica (D:8)
  4 centaur warriors
  3 merfolk avatars
  2 dancing weapons (D:13)
  A two-headed ogre (D:14)
  2 boulder beetles
  7 merfolk aquamancers
  3 alligator snapping turtles (Shoals:4)
  2 satyrs
  5 death yaks
  A tengu warrior (D:13)
  The ghost of kftrendy the Slicer, a journeyman VSBe of Trog (Lair:1)
  Urug (D:10)
  2 hell hogs (Lair:5)
  3 orc high priests (Orc:2)
  9 demonic crawlers
  The ghost of DaltonD4200008 the Cleaver, a novice MiMo of Makhleb (D:9)
  Sonja (D:12)
  Amaemon (D:8)
  Nergalle (D:10)
  12 skysharks
  A pharaoh ant (Spider:2)
  13 sea snakes
  The ghost of CInkIbrahim the Carver, a novice DsGl of Qazlal (D:8)
  3 steelbarb worms
  4 orb spiders
  A lindwurm (Lair:5)
  2 lightning spires (Gauntlet)
  4 orc knights (Orc:2)
  18 harpies
  10 manticores
  An oklob plant (Lair:5)
  6 wolf spiders (Spider:1)
  5 orc sorcerers (Orc:2)
  13 fauns
  6 ugly things
  3 merfolk sirens
  A moth of wrath (Spider:1)
  Maurice (Orc:2)
  13 elephants
  13 cyclopes
  10 black mambas
  8 water nymphs
  2 molten gargoyles (Lair:5)
  4 slime creatures
  6 torpor snails
  2 kobold blastminers (Orc:2)
  3 gargoyles
  13 cane toads
  2 orange demons
  11 komodo dragons
  Jeremiah (D:8)
  6 rime drakes
  2 freezing wraiths (D:14)
  A kobold demonologist (D:11)
  2 efreet
  Psyche (D:8)
  3 polar bears
  28 merfolk
  A queen bee (Lair:2)
  23 dream sheep
  4 trolls
  A raiju (Gauntlet)
  11 tarantellas
  4 wind drakes
  4 snapping turtles
  Sigmund (D:2)
  5 blink frogs (Lair:3)
  8 jumping spiders
  17 water elementals
  6 culicivoras (Spider:1)
  4 wraiths (Orc:2)
  A ynoxinul (D:9)
  4 wyverns
  7 basilisks
  3 shadows (Gauntlet)
  40 yaks
  4 hogs (D:12)
  A human (D:12)
  4 fire elementals
  2 wargs (Orc:2)
  A fire bat (D:11)
  5 vampire mosquitoes
  6 steam dragons
  12 redbacks
  Edmund (D:5)
  An acid dragon (D:12)
  10 water moccasins
  7 hell hounds
  Duvessa (D:5)
  3 ice beasts
  A laughing skull (D:14)
  7 orc warriors
  5 black bears
  2 sky beasts
  15 wolves
  2 ogres
  12 centaurs
  2 phantoms (D:5)
  4 kobold brigands
  22 bullfrogs
  2 gnoll sergeants
  A scorpion (D:11)
  6 wights
  Dowan (D:5)
  17 killer bees (Lair:2)
  2 howler monkeys (D:9)
  A vampire bat (D:3)
  10 electric eels
  5 lava snakes (Lair:5)
  7 hounds
  4 jellies
  20 orc priests
  Crazy Yiuf (D:5)
  Ijyb (D:4)
  An iguana (D:4)
  23 orc wizards
  7 hell rats (Lair:3)
  Natasha (thrice) (D:3)
  Robin (D:3)
  10 gnolls
  6 adders
  2 shadow imps (D:5)
  16 ufetubi
  A ribbon worm (D:5)
  67 orcs
  7 ball pythons
  3 bat skeletons (D:3)
  4 bat zombies (D:3)
  4 endoplasms
  3 giant cockroaches
  12 goblins
  7 hobgoblins
  25 kobolds
  3 quokkas
  6 bats
  A frilled lizard (D:3)
  2 rats
  3 tentacles (Shoals:1)
901 creatures vanquished.

Vanquished Creatures (collateral kills)
  The ghost of seawaffle the Severer, a journeyman MiBe of Trog (Orc:2)
  2 merfolk impalers
  2 centaur warriors (D:14)
  A harpy (Shoals:2)
  2 cyclopes
  3 fauns (Shoals:2)
  4 elephants (Lair:5)
  A water nymph (Shoals:2)
  4 merfolk sirens (Shoals:2)
  A cane toad (Lair:5)
  A komodo dragon (Lair:5)
  6 merfolk
  A wind drake (Shoals:3)
  A snapping turtle (Shoals:2)
  4 yaks (Lair:5)
  3 basilisks
  A hell hound (Lair:5)
  3 wolves (Lair:5)
41 creatures vanquished.

Vanquished Creatures (others)
  A skyshark (Shoals:2)
  A tengu conjurer (D:13)
  A human (D:12)
  An orc priest (Orc:2)
  An orc (D:7)
  5 tentacles (Shoals:1)
10 creatures vanquished.

Grand Total: 952 creatures vanquished

Notes
Turn   | Place    | Note
-------+----------+-------------------------------------------
     0 | D:1      | Dungobob the Minotaur Fighter began the quest for the Orb.
     0 | D:1      | Reached XP level 1. HP: 19/19 MP: 0/0
    98 | D:1      | Reached XP level 2. HP: 27/27 MP: 1/1
   595 | D:2      | Noticed Sigmund
   598 | D:2      | Reached XP level 3. HP: 33/33 MP: 2/2
   607 | D:2      | Killed Sigmund
   608 | D:2      | Reached skill level 4 in Axes
   608 | D:2      | Reached skill level 1 in Dodging
   608 | D:2      | Reached XP level 4. HP: 39/41 MP: 3/3
   608 | D:2      | Reached XP level 5. HP: 45/47 MP: 4/4
   752 | D:2      | Found Raamaisk's Antique Armour Emporium.
   796 | D:2      | Reached skill level 5 in Armour
  1118 | D:3      | Found an ancient bone altar of Kikubaaqudgha.
  1121 | D:3      | Reached skill level 5 in Shields
  1121 | D:3      | Reached XP level 6. HP: 53/53 MP: 5/5
  1196 | D:3      | Found Tyolyori's Assorted Antiques.
  1206 | D:3      | Bought a pair of glowing gloves for 187 gold pieces
  1255 | D:3      | Found Xaucin's Magic Scroll Shop.
  1273 | D:3      | Bought a scroll of identify for 26 gold pieces
  1273 | D:3      | Bought a scroll of identify for 26 gold pieces
  1675 | D:3      | Noticed Natasha
  1679 | D:3      | Killed Natasha
  1733 | D:3      | Noticed Robin
  1743 | D:3      | Killed Robin
  1744 | D:3      | Reached skill level 5 in Axes
  1775 | D:3      | Found a broken altar of Ashenzari.
  1900 | D:3      | Found Dylappe's Magic Scroll Emporium.
  1904 | D:3      | Bought a scroll of identify for 26 gold pieces
  1904 | D:3      | Bought a scroll of identify for 26 gold pieces
  2120 | D:4      | Noticed Ijyb
  2132 | D:4      | Killed Ijyb
  2516 | D:5      | Entered Level 5 of the Dungeon
  2562 | D:5      | Found a bloodstained altar of Trog.
  2576 | D:5      | Reached skill level 5 in Fighting
  2576 | D:5      | Reached skill level 6 in Axes
  2576 | D:5      | Reached XP level 7. HP: 51/61 MP: 6/6
  2701 | D:5      | Became a worshipper of Trog the Wrathful
  2844 | D:5      | Reached skill level 7 in Axes
  2962 | D:5      | Found a runed translucent door.
  2963 | D:5      | Noticed Crazy Yiuf
  2976 | D:5      | Noticed Dowan
  2977 | D:5      | Noticed Duvessa
  2988 | D:5      | Killed Duvessa
  2993 | D:5      | Killed Dowan
  3012 | D:5      | Noticed Edmund
  3034 | D:5      | Reached XP level 8. HP: 69/69 MP: 7/7
  3039 | D:5      | Killed Edmund
  3040 | D:5      | Reached skill level 8 in Axes
  3107 | D:5      | Reached * piety under Trog
  3180 | D:5      | Found a hide-covered altar of Uskayaw.
  3338 | D:5      | Found a stormy altar of Qazlal.
  3546 | D:5      | Killed Crazy Yiuf
  3822 | D:6      | Reached skill level 9 in Axes
  4321 | D:7      | Reached XP level 9. HP: 77/78 MP: 8/8
  4354 | D:7      | Reached ** piety under Trog
  4399 | D:7      | Found a staircase to the Ecumenical Temple.
  4436 | D:7      | Found a snail-covered altar of Cheibriados.
  4542 | D:7      | Found a radiant altar of Vehumet.
  4732 | D:7      | Reached skill level 10 in Axes
  4836 | D:7      | Found a burning altar of Makhleb.
  4836 | D:7      | Found a glowing silver altar of Zin.
  4837 | D:7      | Noticed an angel
  4837 | D:7      | Noticed a cacodemon
  5495 | D:8      | Noticed Jeremiah
  5518 | D:8      | Killed Jeremiah
  5609 | D:8      | Found a runed translucent gate.
  5609 | D:8      | Found a runed translucent gate.
  5609 | D:8      | Found a runed translucent gate.
  5613 | D:8      | Noticed CInkIbrahim's ghost (novice DsGl)
  5618 | D:8      | Found a viscous altar of Jiyva.
  5621 | D:8      | Noticed Psyche
  5624 | D:8      | Noticed Erica
  5628 | D:8      | Killed Psyche
  5629 | D:8      | Reached skill level 11 in Axes
  5633 | D:8      | Killed Erica
  5634 | D:8      | Reached XP level 10. HP: 88/88 MP: 9/9
  5655 | D:8      | Found a basalt altar of Yredelemnul.
  5720 | D:8      | Noticed a boulder beetle
  5773 | D:8      | Killed a boulder beetle
  6002 | D:8      | Reached skill level 12 in Axes
  6051 | D:8      | Noticed an orange demon
  6052 | D:8      | Noticed Amaemon
  6066 | D:8      | Killed Amaemon
  6067 | D:8      | Reached skill level 13 in Axes
  6067 | D:8      | Reached skill level 10 in Armour
  6069 | D:8      | Killed an orange demon
  6290 | D:8      | Killed CInkIbrahim's ghost
  6308 | D:8      | Reached XP level 11. HP: 76/97 MP: 10/10
  6666 | D:9      | Found Kaideg's Book Emporium.
  6680 | D:9      | Identified the +0 chain mail "Sujoph" {rPois}
  6702 | D:9      | Found a sparkling altar of Nemelex Xobeh.
  6788 | D:9      | Noticed DaltonD4200008's ghost (novice MiMo)
  6798 | D:9      | Found a runed translucent door.
  6917 | D:9      | Found a hazy altar of Hepliaklqana.
  7162 | D:9      | Killed DaltonD4200008's ghost
  7227 | D:10     | Entered Level 10 of the Dungeon
  7264 | D:10     | Reached skill level 14 in Axes
  7312 | D:10     | Found a shadowy altar of Dithmenos.
  7314 | D:10     | Noticed Nergalle
  7318 | D:10     | Reached *** piety under Trog
  7328 | D:10     | Killed Nergalle
  7604 | D:10     | Noticed Urug
  7619 | D:10     | Killed Urug
  7889 | D:10     | Found a sacrificial altar of Ru.
  8292 | D:11     | Identified the staff of Reapportionment {rF+ rC+ Str+2 Conj
                  | Ice}
  8354 | D:11     | Reached skill level 1 in Maces & Flails
  8662 | D:11     | Reached skill level 10 in Fighting
  8696 | D:11     | Found a staircase to the Lair.
  8774 | D:11     | Found a shimmering altar of Xom.
  9157 | Lair:1   | Entered Level 1 of the Lair of Beasts
  9184 | Lair:1   | Noticed a seven-headed hydra
  9200 | Lair:1   | Reached skill level 5 in Maces & Flails
  9203 | Lair:1   | Killed a seven-headed hydra
  9204 | Lair:1   | Reached skill level 10 in Shields
  9220 | Lair:1   | Reached XP level 12. HP: 85/106 MP: 11/11
  9221 | Lair:1   | Reached **** piety under Trog
  9810 | Lair:1   | Noticed kftrendy's ghost (journeyman VSBe)
  9811 | Lair:1   | Found a runed translucent door.
 10241 | Lair:1   | Killed kftrendy's ghost
 10510 | Lair:2   | Reached skill level 10 in Maces & Flails
 10648 | Lair:2   | Noticed a death yak
 10649 | Lair:2   | Noticed a death yak
 10650 | Lair:2   | Noticed a death yak
 10656 | Lair:2   | Killed a death yak
 10659 | Lair:2   | Killed a death yak
 10665 | Lair:2   | Killed a death yak
 10855 | Lair:2   | Reached XP level 13. HP: 116/116 MP: 12/12
 10862 | Lair:2   | Reached ***** piety under Trog
 11890 | Lair:3   | Found a hole to the Spider Nest.
 12379 | Lair:3   | Found a staircase to the Shoals.
 12662 | Lair:4   | Received a gift from Trog
 13755 | D:12     | Found a staircase to the Orcish Mines.
 13827 | D:12     | Reached skill level 15 in Axes
 14080 | D:12     | Noticed Kirke
 14083 | D:12     | Noticed Sonja
 14091 | D:12     | Killed Kirke
 14095 | D:12     | Killed Sonja
 14520 | D:13     | Found Oju Huyn's General Store.
 14707 | D:3      | Bought a scroll of revelation for 97 gold pieces
 14762 | D:3      | Noticed Natasha
 14767 | D:3      | Killed Natasha
 14822 | D:3      | Noticed Natasha
 14827 | D:3      | Killed Natasha
 14932 | D:3      | Bought a scroll of identify for 50 gold pieces
 14932 | D:3      | Bought a potion of curing for 75 gold pieces
 14932 | D:3      | Bought a scroll of identify for 50 gold pieces
 15710 | D:13     | Found Etuuso's Armour Boutique.
 15717 | D:13     | Found Gidohuxa's Distillery.
 15824 | D:13     | Found Wiriemo's Antique Weapon Emporium.
 15842 | D:13     | Reached XP level 14. HP: 91/127 MP: 4/13
 15909 | D:13     | Bought a potion of haste for 150 gold pieces
 15909 | D:13     | Bought a potion of mutation for 120 gold pieces
 15909 | D:13     | Bought a potion of heal wounds for 75 gold pieces
 15909 | D:13     | Bought a potion of cancellation for 120 gold pieces
 15909 | D:13     | Bought a potion of heal wounds for 75 gold pieces
 15909 | D:13     | Gained mutation: Your body sometimes deteriorates upon
                  | taking damage. [potion of mutation]
 15910 | D:13     | Lost mutation: Your body sometimes deteriorates upon taking
                  | damage. [potion of mutation]
 15910 | D:13     | Gained mutation: You have supernaturally acute eyesight.
                  | (SInv) [potion of mutation]
 15910 | D:13     | Gained mutation: Your mind is acute. (Int +4, Str/Dex -1)
                  | [potion of mutation]
 15910 | D:13     | Gained mutation: You have sharp toenails. [potion of
                  | mutation]
 15950 | D:13     | Found a gate to the Vaults.
 16066 | D:13     | Found Ytegro Ener's Assorted Antiques.
 16126 | D:13     | Found a runed translucent gate.
 16126 | D:13     | Found a runed translucent gate.
 16126 | D:13     | Found a runed translucent gate.
 16126 | D:13     | Found an ancient bone altar of Kikubaaqudgha.
 16126 | D:13     | Noticed a lich
 16126 | D:13     | Noticed spaghetti's ghost (journeyman NaBe)
 16126 | D:13     | Noticed a lich
 16129 | D:13     | Noticed a lich
 16140 | D:13     | Noticed a lich
 16217 | D:13     | Found a hide-covered altar of Uskayaw.
 16225 | D:13     | Bought a +0 cloak for 58 gold pieces
 16325 | D:13     | Identified a scroll of acquirement
 16326 | D:13     | Acquired a manual of Axes
 16339 | D:13     | Killed a lich
 16340 | D:13     | Reached skill level 16 in Axes
 16342 | D:13     | Killed a lich
 16342 | D:13     | Killed a lich
 16348 | D:13     | Killed a lich
 16370 | D:13     | Killed spaghetti's ghost
 16371 | D:13     | Reached skill level 17 in Axes
 16381 | D:13     | Identified the ring "Vosenul" {^Contam rPois rN++ MP+9
                  | Dex+4}
 16389 | D:13     | Identified the +0 pair of boots of Uluxogeo {rF+ rC+ Dex+2
                  | Slay+2}
 16608 | D:14     | Noticed Louise
 16626 | D:14     | Killed Louise
 16748 | D:14     | Reached skill level 18 in Axes
 17179 | Lair:5   | Entered Level 5 of the Lair of Beasts
 17312 | Lair:5   | Found a bloodstained altar of Trog.
 17432 | Lair:5   | Received a gift from Trog
 17471 | Lair:5   | Identified the ring of Divine Intervention {rC+ rCorr AC+4
                  | Str+4 Int+3}
 17502 | Lair:5   | Noticed Snorg
 17510 | Lair:5   | Killed Snorg
 17529 | Lair:5   | Found a staircase to the Slime Pits.
 17791 | Lair:5   | Reached skill level 5 in Dodging
 17799 | Lair:5   | Reached XP level 15. HP: 44/137 MP: 14/14
 17808 | Lair:5   | HP: 10/205 [elephant (3)]
 18000 | Lair:5   | Found a blossoming altar of Fedhas.
 18201 | Lair:5   | Found a large runed translucent door.
 18201 | Lair:5   | Found a large runed translucent door.
 19110 | Spider:1 | Entered Level 1 of the Spider Nest
 19217 | Orc:1    | Entered Level 1 of the Orcish Mines
 19426 | Orc:2    | Entered Level 2 of the Orcish Mines
 19492 | Orc:2    | Noticed Josephine
 19498 | Orc:2    | Identified the +10 dire flail "Jerot" {flame, rF+} (Trog
                  | gifted it to you on level 2 of the Orcish Mines)
 19498 | Orc:2    | Received a gift from Trog
 19505 | Orc:2    | Killed Josephine
 19509 | Orc:2    | Noticed Maurice
 19517 | Orc:2    | Killed Maurice
 19522 | Orc:2    | Found a staircase to the Elven Halls.
 19529 | Orc:2    | Found a gate leading to a gauntlet.
 19539 | Gauntlet | Entered a Gauntlet
 19539 | Gauntlet | Found a transporter.
 19547 | Gauntlet | Found a runed translucent door.
 19550 | Gauntlet | Found a transporter.
 19551 | Gauntlet | Found a transporter.
 19552 | Gauntlet | Found a transporter.
 19560 | Gauntlet | Found a transporter.
 19563 | Gauntlet | Found a transporter.
 19564 | Gauntlet | Found a transporter.
 19573 | Gauntlet | Found a transporter.
 19576 | Gauntlet | Found a transporter.
 19577 | Gauntlet | Found a transporter.
 19581 | Gauntlet | Found a runed translucent door.
 19585 | Gauntlet | Found a transporter.
 19586 | Gauntlet | Found a runed translucent door.
 19590 | Gauntlet | Found a transporter.
 19591 | Gauntlet | Found a transporter.
 19610 | Gauntlet | Found a transporter.
 19744 | Gauntlet | Reached skill level 19 in Axes
 19856 | Gauntlet | Identified the ring of Ypnoi {rN+ Will+}
 19867 | Gauntlet | Identified the +9 flail of Symmetry {antimagic, Int+3}
 20185 | Orc:2    | Found a runed translucent gate.
 20186 | Orc:2    | Found a runed translucent gate.
 20187 | Orc:2    | Found a runed translucent gate.
 20192 | Orc:2    | Noticed Pumpkin69's ghost (journeyman OpFi)
 20192 | Orc:2    | Noticed seawaffle's ghost (journeyman MiBe)
 20240 | Orc:2    | Found Lapha's General Store.
 20357 | Orc:2    | Found Beklutia's Armour Boutique.
 20364 | Orc:2    | Found Iciec's Armour Boutique.
 20366 | Orc:2    | Found Sogib's Armour Shoppe.
 20386 | Orc:2    | Bought the scarf "Dyrijus" {repulsion, rElec} for 264 gold
                  | pieces
 20400 | Orc:2    | Bought a potion of curing for 30 gold pieces
 20400 | Orc:2    | Bought a potion of heal wounds for 50 gold pieces
 20513 | Orc:2    | Killed Pumpkin69's ghost
 20520 | Orc:2    | Killed seawaffle's ghost
 20521 | Orc:2    | Reached skill level 15 in Shields
 20696 | Spider:1 | Reached skill level 15 in Fighting
 20981 | Spider:1 | Found a transporter.
 20984 | Spider:1 | Noticed an emperor scorpion
 20992 | Spider:1 | Found a transporter.
 21244 | Spider:1 | Reached skill level 20 in Axes
 21351 | Spider:2 | Noticed Arachne
 21370 | Spider:2 | Killed Arachne
 21439 | Spider:1 | Reached XP level 16. HP: 134/149 MP: 8/15
 21923 | Spider:2 | Received a gift from Trog
 23913 | Shoals:1 | Entered Level 1 of the Shoals
 24324 | Shoals:1 | Reached skill level 15 in Armour
 24405 | Shoals:1 | Noticed a kraken
 24425 | Shoals:1 | Killed a kraken
 24782 | Shoals:2 | Noticed Ilsuiw
 24799 | Shoals:2 | Received a gift from Trog
 24806 | Shoals:2 | Reached skill level 21 in Axes
 24810 | Shoals:2 | Killed Ilsuiw
 25248 | Shoals:2 | Noticed Nikola
 25257 | Shoals:2 | Noticed Polyphemus
 25330 | Shoals:2 | Killed Polyphemus
 25331 | Shoals:2 | Killed Nikola
 25338 | Shoals:2 | Reached XP level 17. HP: 58/160 MP: 8/16
 25865 | Shoals:3 | Noticed Mara
 25913 | Shoals:3 | Noticed Dungobob's illusion
 25929 | Shoals:3 | Noticed Mlioglotl
 25991 | Shoals:3 | Killed Mlioglotl
 25996 | Shoals:3 | Noticed Dungobob's illusion
 26008 | Shoals:2 | Noticed Dungobob's illusion
 26022 | Shoals:2 | Killed Mara
 26930 | Shoals:3 | Noticed Bai Suzhen
 26941 | Shoals:3 | Killed Bai Suzhen
 27254 | Shoals:4 | Entered Level 4 of the Shoals
 27303 | Abyss:2  | Cast into level 2 of the Abyss (merfolk impaler)
 27319 | Shoals:4 | Escaped the Abyss
 28186 | Shoals:4 | Found Biwarph's Book Emporium.
 28203 | Shoals:3 | HP: 8/165 [poisoned by a sea snake]
 28604 | Shoals:4 | Reached skill level 22 in Axes
 28649 | Shoals:4 | HP: 4/165 [wind drake/the air (12)]
 28650 | Shoals:4 | Killed from afar by a wind drake

Illustrated notes

Levels and vault maps discovered:
D:1:      noname_arrival_rooms_in_the_neighbourhood, layout_rooms,
          minmay_misc_feat_alley
D:2:      wander_river, layout_rooms, serial_shops,
          nicolae_shop_tiny_statue_garden, minmay_pentomino_pile, uniq_sigmund
D:3:      layout_basic, ashenzari_conservatory_becter,
          kennysheep_vampire_church, serial_shops, shop,
          nicolae_shop_temple_entry_statues_fountains, shop,
          hangedman_glass_teeth, uniq_natasha, uniq_robin
D:4:      layout_rooms, uniq_ijyb
D:5:      layout_basic, overflow_temple_1_default, old_standard_altar,
          trog_ov_bears_minmay, uniq_edmund, uniq_duvessa,
          uniq_crazy_yiuf_cottage
D:6:      layout_cave_pools
D:7:      layout_basic, grunt_temple_overflow_order_and_chaos_2,
          mainiacjoe_overflow_cross_hatched, vehumet_altar_wand_db,
          minmay_temple_entry_proselytizer, palyth_stone_intersect,
          corexii_checkpoint
D:8:      layout_rooms, mainiacjoe_overflow_small_starburst,
          gammafunk_ghost_ooze, minivault_22, minivault_14, uniq_jeremiah,
          uniq_erica, uniq_psyche, uniq_amaemon
D:9:      layout_basic, worldfamousw_hep_ancestral_shrine, lemuel_tele_altar,
          hellmonk_ghost_big_iron, serial_shops, nicolae_book_shop_shelving,
          minmay_crystal_room
D:10:     layout_basic, nicolae_ru_the_path_less_chosen, grunt_dithmenos_smoke,
          uniq_urug, uniq_nergalle
D:11:     layout_roguey, erik_lair_island, regret_index_xom_of_box
D:12:     layout_loops_ring, orc_0_dummy, minmay_misc_feat_cross,
          grunt_livestock, amcnicky_mini_pool_small, uniq_kirke, uniq_sonja
D:13:     layout_basic, erik_vaults_1, serial_shops, shop,
          nicolae_shop_hallway_stairs, nicolae_shop_advertising_works
          [nicolae_subvault_shop_adworks], nicolae_shop_industrial_runoff, shop,
          gammafunk_ghost_crypt, nicolae_uskayaw_suspiria
D:14:     minmay_expanding_squares, layout_layer_cave, hangedman_decor_growths,
          uniq_louise
Lair:1:   layout_cave_pods, hellmonk_ghost_happy_afterlife, grunt_megastairs_3,
          serial_bayou_shore_b
Lair:2:   layout_cave_pods, special_room [special_room_bee], beast_lair_carwin_4
Lair:3:   layout_cave_pods, minmay_shoals_entry_hut, dummy_spider_entry
Lair:4:   layout_layer_cave, grunt_megastairs_4
Lair:5:   cheibrodos_lair_end_hotspot, layout_big_grid,
          minmay_slime_entry_oklob_open, basic_altar, lemuel_centaur_altar,
          infiniplex_staircase_pool, uniq_snorg
Shoals:1: layout_shoals
Shoals:2: layout_shoals, argonaut_gorgonesque, uniq_ilsuiw, uniq_polyphemus,
          uniq_nikola
Shoals:3: layout_shoals, st_cyclops, uniq_mlioglotl, uniq_mara, uniq_bai_suzhen
Shoals:4: shoals_end_grunt_garden, layout_shoals, serial_shops, shop,
          nicolae_shoals_drake_roost
Spider:1: gammafunk_sealed_arena
Spider:2: layout_spider_delve, worms_lemuel, uniq_arachne
Orc:1:    layout_caves
Orc:2:    st_orc_elflike, layout_diamond_mine, gammafunk_ghost_cemetery,
          gauntlet_entry_generic, uniq_josephine, uniq_maurice

Skill      XL: |  1  2  3  4  5  6  7  8  9 10 11 12 13 14 15 16 17 |
---------------+----------------------------------------------------+-----
Shields        | 4 5 6 7 8 10 11 12 13 15 17 19 | 19.0
Fighting       | 4 5 6 8 9 10 11 12 13 15 16 18 | 18.3
Armour         | 4 5 6 7 9 10 11 12 13 14 15 16 | 16.1
Axes           | 4 6 7 9 11 13 14 15 18 20 21 22 | 22.0
Dodging        | 1 2 3 4 5 6 7 |  7.5
Maces & Flails | 6 11 12 13 14 | 14.1

Action                     |  1- 3 |  4- 6 |  7- 9 | 10-12 | 13-15 | 16-18 || total
---------------------------+-------+-------+-------+-------+-------+-------++-------
  Melee: War axe           |    49 |   132 |   279 |   228 |       |       ||   688
         Headbutt          |     2 |    23 |    64 |   139 |   232 |   192 ||   652
         Unarmed           |       |       |     3 |       |       |       ||     3
         Eveningstar       |       |       |       |   361 |   350 |       ||   711
         Broad axe         |       |       |       |       |   580 |   781 ||  1361
  Throw: Throwing net      |       |       |       |       |       |     1 ||     1
 Invoke: Berserk           |       |       |     1 |     9 |    11 |     9 ||    30
         Trog's Hand       |       |       |       |     3 |     6 |     7 ||    16
         Brothers in Arms  |       |       |       |       |     5 |    11 ||    16
    Use: Potion            |     1 |       |       |     7 |    14 |    10 ||    32
         Scroll            |       |    10 |     2 |    11 |    15 |     7 ||    45
   Stab: Confused          |       |       |     1 |       |       |       ||     1
         Distracted        |       |       |       |       |     1 |     2 ||     3
 Armour: Scale mail        |    26 |       |       |       |       |       ||    26
         Chain mail        |    11 |    10 |       |   190 |   717 |   734 ||  1662
         Plate armour      |       |   104 |   228 |   308 |       |       ||   640
         Skin              |       |       |     1 |       |    32 |       ||    33
  Dodge: Dodged            |    20 |    33 |    90 |   173 |   330 |   388 ||  1034
         Repelled          |       |       |       |       |     2 |     5 ||     7
  Block: Buckler           |    15 |    47 |   103 |       |       |       ||   165
         Kite shield       |       |       |    30 |   389 |   618 |   806 ||  1843
         Reflection        |       |       |       |       |       |    60 ||    60
